 Dungeon Crawl Stone Soup version 0.26.1-2-gb8aa6d0cf2 (webtiles) character file.

Game seed: 9689237332665575385

184 Gadfly the Skirmisher (level 5, -3/41 HPs)
             Began as a Formicid Abyssal Knight on Feb 10, 2021.
             Was a Priest of Lugonu.
             Blown up by Ijyb (28 damage)
             ... with a disintegration bolt
             ... on level 4 of the Dungeon.
             The game lasted 00:05:44 (4179 turns).

Gadfly the Skirmisher (Formicid Abyssal Knight)     Turns: 4179, Time: 00:05:44

Health: -3/41      AC:  9    Str: 18    XL:     5   Next: 95%
Magic:  7/7        EV:  7    Int: 11    God:    Lugonu [***...]
Gold:   186        SH:  0    Dex: 10    Spells: 4/4 levels left

rFire    . . .     SeeInvis +   a - +0 war axe
rCold    . . .     Faith    .   (no shield)
rNeg     . . .     Spirit   .   c - +0 chain mail
rPois    .         Reflect  .   (helmet unavailable)
rElec    .         Harm     .   (no cloak)
rCorr    .         Rampage  .   (no gloves)
Will     .....                  (no boots)
Stlth    ..........             (no amulet)
HPRegen  0.13/turn              (no ring)
MPRegen  0.10/turn              (no ring)

@: no status effects
A: permanent stasis, dig shafts and tunnels, four strong arms, antennae 3
a: Dig, Shaft Self, Renounce Religion, Depart the Abyss, Bend Space, Banish


You were on level 4 of the Dungeon.
You worshipped Lugonu.
Lugonu was most pleased with you.
You visited 1 branch of the dungeon, and saw 4 of its levels.
You visited the Abyss 1 time.

You collected 186 gold pieces.

Inventory:

Hand Weapons
 a - a +0 war axe (weapon)
 b - a +1 flail of protection
Armour
 c - a +0 chain mail (worn)
Scrolls
 f - 2 scrolls of fear
 g - 8 scrolls of identify
 i - 3 scrolls of remove curse
 j - a scroll of enchant armour
 k - 2 scrolls of fog
Potions
 d - a potion of curing
 e - a potion of mutation
 h - a potion of lignification


   Skills:
 + Level 3.5 Fighting
 * Level 3.1 Axes
 + Level 2.9 Armour
 - Level 0.8 Dodging
 + Level 2.7 Shields
 + Level 3.4 Invocations
 * Level 2.3 Evocations


You had 4 spell levels left.
You didn't know any spells.
Your spell library was empty.

Dungeon Overview and Level Annotations

Branches:
Dungeon (4/15)
 Temple: D:4-7

Altars:
Cheibriados
Dithmenos
Makhleb

Shops:
D:4 [

Annotations:
D:4 Ijyb


Innate Abilities, Weirdness & Mutations

You cannot be hasted, slowed, berserked, paralysed or teleported.
You can dig through walls and to a lower floor.
Your four strong arms can wield two-handed weapons with a shield.
You have a pair of large antennae on your head. (SInv)


Message History

You closely miss Ijyb.
Ijyb is lightly wounded.
Ijyb hits you but does no damage.
Ijyb zaps a wand.
You are blasted!
Your chain mail prevents you from hitting Ijyb.
Ijyb is lightly wounded.
Ijyb zaps a wand.
You are blasted!
You hit Ijyb.
Ijyb is lightly wounded.
Ijyb hits you but does no damage.
You closely miss Ijyb.
Ijyb is lightly wounded.
Ijyb hits you but does no damage. x2
You hit Ijyb.
Ijyb is heavily wounded.
Ijyb hits you but does no damage.
You closely miss Ijyb.
Ijyb is heavily wounded.
Ijyb zaps a wand.
You are blasted!
Ouch! That really hurt!
You die...

##..########
#..<........
#.......####
#.......####
#########'###.#...
#.........# #.#...
#.#######.###.#...
#.# #...#.#... #@#
#.#.#.#... #g#
#...#.#... #.#
#####.##.# #.#
#.##.# #.# #.# #..
#.# ..# #.# #.#
#.# #.#


You could see Ijyb.

Vanquished Creatures
  Jessica (D:3)
  Terence (D:3)
  An adder (D:3)
  A shadow imp (D:4)
  2 oozes
  An adder skeleton (D:4)
  A worm (D:2)
  A dart slug (D:2)
  5 leopard geckos
  7 orcs (D:3)
  5 giant cockroaches
  10 goblins
  4 hobgoblins
  11 jackals
  4 kobolds
  A quokka (D:3)
  2 ball pythons (D:3)
  8 bats
  7 frilled lizards
  13 rats
86 creatures vanquished.

Vanquished Creatures (others)
  A plant (D:2)
1 creature vanquished.

Grand Total: 87 creatures vanquished

Notes
Turn   | Place    | Note
-------+----------+-------------------------------------------
     0 | Abyss:1  | Gadfly the Formicid Abyssal Knight began the quest for the
                  | Orb.
     0 | Abyss:1  | Reached XP level 1. HP: 18/18 MP: 2/2
    53 | D:1      | Escaped the Abyss
   242 | D:1      | Reached XP level 2. HP: 22/24 MP: 3/3
   252 | D:1      | Reached skill level 1 in Shields
   437 | D:1      | Reached skill level 1 in Evocations
   462 | D:1      | Reached XP level 3. HP: 25/29 MP: 4/4
   811 | D:1      | Reached ** piety under Lugonu
  1432 | D:2      | Reached XP level 4. HP: 35/35 MP: 6/6
  1630 | D:2      | Found a snail-covered altar of Cheibriados.
  2263 | D:3      | Noticed Jessica
  2272 | D:3      | Killed Jessica
  2320 | D:3      | Reached XP level 5. HP: 37/41 MP: 7/7
  2508 | D:3      | Noticed Terence
  2524 | D:3      | Killed Terence
  3125 | D:3      | Found a burning altar of Makhleb.
  3335 | D:3      | Reached *** piety under Lugonu
  3753 | D:4      | Found Buaf's Armour Shop.
  3910 | D:4      | Found a shadowy altar of Dithmenos.
  4169 | D:4      | Noticed Ijyb
  4179 | D:4      | Blown up by Ijyb

Illustrated notes

Levels and vault maps discovered:
D:1:      dpeg_arrival_windows_large_door, layout_loops_ring
D:2:      minmay_chambers_of_twos, layout_basic, lemuel_doored_altar,
          chequers_big_river, feat_on_display
D:3:      layout_basic, lemuel_coloured_pillars_altar, uniq_terence,
          uniq_jessica
D:4:      layout_basic, grunt_dithmenos_shadows, serial_shops, shop_statue,
          minmay_statues_item, uniq_sigmund, uniq_ijyb

Skill      XL: |  1  2  3  4  5 |
---------------+----------------+-----
Shields        | 1 2 |  2.7
Evocations     | 1 2 |  2.3
Invocations    | 3 |  3.4
Axes           | 3 |  3.1
Fighting       | |  3.5
Armour         | |  2.9
Dodging        | |  0.8

Action                   |  1- 3 |  4- 6 || total
-------------------------+-------+-------++-------
Melee: Hand axe          |   133 |    44 ||   177
       War axe           |       |   122 ||   122
 Abil: Dig               |       |     1 ||     1
  Use: Scroll            |     5 |     6 ||    11
       Potion            |     1 |       ||     1
Armor: Chain mail        |    87 |   112 ||   199
Dodge: Dodged            |    64 |    82 ||   146
